 Dungeon Crawl Stone Soup version 0.30-a0-965-g42e074c17a (webtiles) character file.

Game seed: 14939563124289372672

11 Mersikull the Chiller (level 2, -6/23 HPs)
             Began as a Meteoran Wanderer on Mar 30, 2023.
             Succumbed to a kobold's poison
             ... on level 1 of the Dungeon.
             The game lasted 00:01:07 (190 turns).

Mersikull the Chiller (Meteoran Wanderer)            Turns: 190, Time: 00:01:07

Health: -6/23      AC:  6    Str: 11    XL:     2   Next: 58%
Magic:  5/5        EV:  8    Int: 15    God:
Gold:   21         SH:  0    Dex: 13    Spells: 2/3 levels left

rFire   . . .      SeeInvis .    a - +1 quarterstaff
rCold   . . .      Faith    .    (shield currently unavailable)
rNeg    . . .      Spirit   .    b - +0 scale mail
rPois   .          Reflect  .    (no helmet)
rElec   .          Rampage  .    (no cloak)
rCorr   .                        (no gloves)
Will    .....                    (no boots) Stlth
                                 (no amulet)
HPRegen 0.23/turn                (no ring)
MPRegen 0.09/turn                (no ring)

@: lethally poisoned (-6 -> -38), glowing
A: sense surroundings 1, otherworldly, glowing, explore regen
a: no special abilities


You were on level 1 of the Dungeon.
You visited 1 branch of the dungeon, and saw 1 of its levels.

You collected 21 gold pieces.

Inventory:

Hand Weapons
 a - a +1 quarterstaff (weapon)
Armour
 b - a +0 scale mail (worn)


   Skills:
 + Level 1.1 Fighting
 + Level 2.7 Staves
 + Level 1.2 Armour
 + Level 1.3 Spellcasting
 + Level 3.9 Ice Magic
 + Level 2.4 Invocations


You had 2 spell levels left.
You knew the following spells:

 Your Spells              Type           Power      Damage    Failure   Level
a - Freeze                Ice            48%        1d6       28%         1

Your spell library contained the following spells:

 Spells                   Type           Power      Damage    Failure   Level
 Ensorcelled Hibernation  Hex/Ice        12%        N/A       67%         2
 Passwall                 Tmut/Erth      0%         N/A       91%         2
 Swiftness                Air            1%         N/A       99%         3
 Ice Form                 Ice/Tmut       6%         N/A       99%         4


Dungeon Overview and Level Annotations

Branches:
Dungeon (1/15) Zot: 398

Altars:


Innate Abilities, Weirdness & Mutations

You passively map a small area around you.
You are easily found by Zot.
You glow in the dark.
You regain HP and MP as you explore.


Message History

The kobold shouts!
A goblin comes into view. It is wielding a +0 club.
The goblin shouts!
A kobold comes into view. It is wielding a +2 dagger of venom.
An endoplasm comes into view.
The kobold hits you with a +0 dagger.
The endoplasm jiggles.
You hit the kobold.
The kobold is heavily wounded.
The kobold hits you but does no damage.
A quokka comes into view.
You barely miss the kobold.
The kobold is heavily wounded.
The kobold hits you with a +0 dagger. The kobold hits you but does no damage.
You are poisoned.
You barely miss the kobold.
The kobold is heavily wounded.
You feel very sick. The kobold hits you but does no damage.
The kobold hits you with a +2 dagger of venom.
You are more poisoned.
You hit the kobold but do no damage.
The kobold is heavily wounded.
You feel very sick. The kobold barely misses you.
The kobold hits you with a +2 dagger of venom.
You are more poisoned.
You hit the kobold.
You kill the kobold!
* * * LOW HITPOINT WARNING * * *
You feel extremely sick.
The kobold hits you with a +2 dagger of venom.
* * * LOW HITPOINT WARNING * * *
The kobold hits you but does no damage.
You are more poisoned.
The goblin hits you but does no damage.
As you read the scroll labelled TEQAKHL JEBASHA, it crumbles to dust.
It is a scroll of enchant weapon.
Your +0 quarterstaff glows red for a moment.
You die...

#...# ...# ..
.# * ..# .. .#*
* # * **#. .#
,* # ### *,*
#.#. ,, ##...
#... , ..... ,
#Jr# , ..###, *
* #Kg# * ..# *
#.@# ,, ..#
#..######.
..###
##.###.........
.....,
........#######
..... ...####.#
##### ##.# #.#
# ....., #.#
#.#######.##
.#### #.#
#........... (#
#.#
#.##......## *


You could see an endoplasm, a quokka, a goblin and a kobold.

Vanquished Creatures
  A dart slug (D:1)
  An endoplasm (D:1)
  A giant cockroach (D:1)
  A hobgoblin (D:1)
  A quokka (D:1)
  3 kobolds (D:1)
8 creatures vanquished.

Notes
Turn   | Place    | Note
-------+----------+-------------------------------------------
     0 | D:1      | Mersikull the Meteoran Wanderer began the quest for the
                  | Orb.
     0 | D:1      | Mersikull set off with the following items: a +0
                  | quarterstaff, a +0 scale mail, a potion of berserk rage;
                  | and the following spell memorised: Freeze; and the
                  | following spells available to memorise: Ensorcelled
                  | Hibernation, Ice Form.
     0 | D:1      | Reached XP level 1. HP: 16/16 MP: 3/3
    75 | D:1      | HP: 1/24 [hobgoblin (4)]
    77 | D:1      | Reached XP level 2. HP: 3/23 MP: 5/5
   189 | D:1      | HP: 1/23 [kobold/+2 dagger of venom (3)]
   190 | D:1      | Succumbed to a kobold's poison

Illustrated notes

Levels and vault maps discovered:
D:1:      dpeg_arrival_concentric_ovals, layout_loops_ring,
          nicolae_ecumenical_lake_church

Action                     || total
---------------------------++-------
  Melee: Quarterstaff      ||    22
    Use: Scroll            ||     2
         Potion            ||     1
 Armour: Scale mail        ||    19
  Dodge: Dodged            ||     5

Table legend: (Time is in decaauts)
 A = Elapsed time spent in this place.
 B = Non-inter-level travel time spent in this place.
 C = Inter-level travel time spent in this place.
 D = Time resting spent in this place.
 E = Time spent auto-exploring this place.
 F = Levels seen in this place.
 G = Mean time per level.
                   A        B        C        D        E       F      G
               +--------+--------+--------+--------+--------+-----+--------+
         Total |    202 |    202 |      0 |      0 |      0 |   1 |  202.0 |
       Dungeon |    202 |    202 |      0 |      0 |      0 |   1 |  202.0 |
               +--------+--------+--------+--------+--------+-----+--------+

Top non-repeatable levels by time:
     D:1: 202 daAuts
